 Dungeon Crawl Stone Soup version 0.21-a0-331-gfb491b4 (webtiles) character file.

6056 Jeffwins the Fighter (level 10, -1/85 HPs)
             Began as a Gnoll Wanderer on Oct 2, 2017.
             Was an Initiate of Ashenzari.
             Slain by a yak (13 damage)
             ... on level 9 of the Dungeon on Oct 3, 2017.
             The game lasted 00:17:11 (7723 turns).

Jeffwins the Fighter (Gnoll Wanderer)               Turns: 7723, Time: 00:17:12

Health: -1/85      AC: 14    Str: 20    XL:     10   Next: 87%
Magic:  18/18      EV: 13    Int: 17    God:    Ashenzari [......]
Gold:   219        SH:  0    Dex: 14    Spells: 20/20 levels left

rFire    . . .     SeeInvis +   E - +10 broad axe of Puinka {elec, +Rage Str+4}
rCold    . . .     Gourm    .   (no shield)
rNeg     . . .     Faith    .   a - +2 scale mail
rPois    .         Spirit   .   x - +0 helmet
rElec    .         Reflect  .   I - +1 cloak {MR+}
rCorr    .         Harm     .   (no gloves)
MR       +....                  i - +0 pair of boots
Stlth    ++........             (no amulet)
HPRegen  0.24/turn              N - ring of see invisible
MPRegen  0.16/turn              (no ring)

@: no status effects
A: distributed training, fangs 1, strong nose
a: Curse Item, Renounce Religion, Evoke Berserk Rage


You were on level 9 of the Dungeon.
You worshipped Ashenzari.
Ashenzari was noncommittal.
You were not hungry.

You visited 1 branch of the dungeon, and saw 9 of its levels.

You collected 363 gold pieces.
You spent 144 gold pieces at shops.

Inventory:

Hand Weapons
 q - a +0 hunting sling of freezing
 E - the +10 broad axe of Puinka (weapon) {elec, +Rage Str+4}
   (You bought it in a shop on level 4 of the Dungeon)

   Occasionally, upon striking a foe, it will discharge some electrical energy
   and cause terrible harm.
   It affects your strength (+4).
   It lets you go berserk.
 L - a +2 glaive of venom
Missiles
 b - 56 bolts
 l - 319 stones (quivered)
 s - 183 arrows
Armour
 a - a +2 scale mail (worn)
 i - a +0 pair of boots (worn)
 x - a +0 helmet (worn)
 I - a +1 cloak of magic resistance (worn)
Magical Staves
 y - an uncursed staff of cold
Jewellery
 N - a ring of see invisible (left hand)
Wands
 D - a wand of lightning (10/15)
 H - a wand of flame (42/48)
 O - a wand of paralysis (24/24)
Scrolls
 f - a scroll of identify
 g - 2 scrolls of enchant armour
 m - 4 scrolls of remove curse
 p - 2 scrolls of teleportation {unknown}
 K - 3 scrolls of noise
Potions
 c - 2 potions of lignification
 e - 3 potions of heal wounds
 h - a potion of ambrosia
 j - a potion of resistance
 k - a potion of mutation
 o - a potion of curing
 t - 3 potions of might
 u - 2 potions of haste
 F - 4 potions of flight {unknown}
 M - a potion of magic {unknown}
Comestibles
 d - 7 bread rations
 n - 4 royal jellies
 r - 2 meat rations
 v - a chunk of flesh
 w - 13 fruits


   Skills:
 + Level 10.2 Fighting
 + Level 5.6 Short Blades
 + Level 5.6 Long Blades
 + Level 7.3 Axes
 + Level 5.6 Maces & Flails
 + Level 5.6 Polearms
 + Level 5.6 Staves
 + Level 5.6 Slings
 + Level 5.6 Bows
 + Level 5.6 Crossbows
 + Level 6.2 Throwing
 + Level 6.2 Armour
 + Level 5.6 Dodging
 + Level 6.1 Stealth
   Level 0.0 Stabbing
 + Level 5.6 Shields
   Level 0.0 Traps
 + Level 5.6 Unarmed Combat
 + Level 5.6 Spellcasting
 + Level 5.6 Conjurations
 + Level 5.6 Hexes
 + Level 5.6 Charms
 + Level 5.6 Summonings
 + Level 5.6 Necromancy
 + Level 5.6 Translocations
 + Level 5.6 Transmutations
 + Level 5.6 Fire Magic
 + Level 5.6 Ice Magic
 + Level 5.6 Air Magic
 + Level 5.6 Earth Magic
 + Level 5.6 Poison Magic
   Level 5.6 Invocations
 + Level 6.2 Evocations


You had 20 spell levels left.
You didn't know any spells.

Dungeon Overview and Level Annotations

Branches:
Dungeon (9/15)               Lair (0/6) D:9
 Temple: D:4-7          Orc: D:9-12

Altars:
Ashenzari
Kikubaaqudgha
Nemelex Xobeh
Okawaru
Trog
Uskayaw
Vehumet
Yredelemnul

Shops:
D:4 (


Innate Abilities, Weirdness & Mutations

Your experience applies equally to all skills.
You have very sharp teeth.
Your uncanny sense of smell can sniff out nearby items.


Message History

There is a stone staircase leading down here.
The merfolk throws a tomahawk.
The tomahawk completely misses you.
The tomahawk disappears in a puff of smoke!
The merfolk throws a steel tomahawk.
The steel tomahawk closely misses you.
The steel tomahawk disappears in a puff of smoke!
You climb downwards.
There is a stone staircase leading up here.
Unknown command.
Found 6 gold pieces.
You are too injured to fight recklessly!
You slash the yak!
The yak is moderately wounded.
The yak gores you!
* * * LOW HITPOINT WARNING * * *
You slice the yak!!
The yak is almost dead.
The yak gores you.
* * * LOW HITPOINT WARNING * * *
The yak closely misses you. The yak gores you!
You die...

###.##..# # #.##..#
.##..#... #.##..###..
#..#..# #.##.......
#..#..# #......#...
#..#..#
#......#.$.##..#..#
....##...#.......#..#
....##...#..........#####.
....##...#.....Y@Y........
###.##...#......##W.......
#.##...#......##...#####
#.##...#########...#
#.##..## ##..# #.##..#
#Y.# #)##..# #W.# #%##..#
#.<# #.....# #..#


You could see 2 yaks and a phantom.

Vanquished Creatures
  A two-headed ogre (D:8)
  2 deep elf knights (D:9)
  Pikel (D:7)
  A deep elf archer (D:9)
  A troll (D:9)
  Grinder (D:4)
  A hippogriff (D:9)
  A yak (D:9)
  A basilisk (D:9)
  4 porcupines
  A sky beast (D:8)
  3 orc warriors
  A black bear (D:7)
  An ice beast (D:6)
  3 slaves (D:7)
  A phantom (D:8)
  5 ogres
  2 centaurs
  2 crocodiles
  7 bullfrogs
  Blork the orc (D:6)
  2 scorpions
  3 wights
  8 howler monkeys (D:7)
  3 bullfrog zombies
  2 crimson imps
  4 jellies
  2 hounds (D:5)
  3 centaur skeletons
  2 orc priests (D:8)
  Jessica (D:3)
  An iguana (D:4)
  9 orc wizards
  3 worker ants
  A hound zombie (D:8)
  A worker ant zombie (D:8)
  Robin (D:3)
  7 gnolls
  12 adders
  2 shadow imps
  An ooze (D:2)
  An adder zombie (D:5)
  An adder skeleton (D:6)
  2 worms (D:2)
  2 dart slugs
  10 leopard geckos
  24 orcs
  7 bats
  9 giant cockroaches
  16 goblins
  20 hobgoblins
  8 jackals
  6 kobolds
  5 quokkas
  3 ball pythons
  4 frilled lizards
  A leopard gecko skeleton (D:4)
  4 rats
232 creatures vanquished.

Vanquished Creatures (others)
  3 plants (D:9)
3 creatures vanquished.

Grand Total: 235 creatures vanquished

Notes
Turn   | Place    | Note
-------+----------+-------------------------------------------
     0 | D:1      | Jeffwins the Gnoll Wanderer began the quest for the Orb.
     0 | D:1      | Jeffwins set off with: a +2 scale mail, a +0 hand axe, a potion of lignification, a bread ration
     0 | D:1      | Reached XP level 1. HP: 26/26 MP: 2/2
   217 | D:1      | Reached XP level 2. HP: 32/33 MP: 3/3
   687 | D:2      | Reached XP level 3. HP: 38/38 MP: 4/4
   861 | D:2      | Found a basalt altar of Yredelemnul.
   994 | D:2      | Reached skill level 1 in Short Blades
   994 | D:2      | Reached skill level 1 in Long Blades
   994 | D:2      | Reached skill level 1 in Maces & Flails
   994 | D:2      | Reached skill level 1 in Polearms
   994 | D:2      | Reached skill level 1 in Staves
   994 | D:2      | Reached skill level 1 in Slings
   994 | D:2      | Reached skill level 1 in Bows
   994 | D:2      | Reached skill level 1 in Crossbows
   994 | D:2      | Reached skill level 1 in Dodging
   994 | D:2      | Reached skill level 1 in Shields
   994 | D:2      | Reached skill level 1 in Unarmed Combat
   994 | D:2      | Reached skill level 1 in Spellcasting
   994 | D:2      | Reached skill level 1 in Conjurations
   994 | D:2      | Reached skill level 1 in Hexes
   994 | D:2      | Reached skill level 1 in Charms
   994 | D:2      | Reached skill level 1 in Summonings
   994 | D:2      | Reached skill level 1 in Necromancy
   994 | D:2      | Reached skill level 1 in Translocations
   994 | D:2      | Reached skill level 1 in Transmutations
   994 | D:2      | Reached skill level 1 in Fire Magic
   994 | D:2      | Reached skill level 1 in Ice Magic
   994 | D:2      | Reached skill level 1 in Air Magic
   994 | D:2      | Reached skill level 1 in Earth Magic
   994 | D:2      | Reached skill level 1 in Poison Magic
   994 | D:2      | Reached skill level 1 in Invocations
  1075 | D:2      | Reached XP level 4. HP: 45/45 MP: 6/6
  1497 | D:2      | Found an ancient bone altar of Kikubaaqudgha.
  1704 | D:3      | Reached XP level 5. HP: 38/51 MP: 7/7
  1858 | D:3      | Found an iron altar of Okawaru.
  1874 | D:3      | Noticed Robin
  1878 | D:3      | Became a worshipper of Warmaster Okawaru
  1910 | D:3      | Killed Robin
  2543 | D:3      | Noticed Jessica
  2549 | D:3      | Killed Jessica
  2549 | D:3      | Reached XP level 6. HP: 52/57 MP: 8/8
  2752 | D:4      | Noticed Grinder
  2759 | D:4      | Paralysed by Grinder for 2 turns
  2765 | D:4      | Killed Grinder
  2765 | D:4      | Reached * piety under Okawaru
  2765 | D:4      | Reached skill level 5 in Axes
  2765 | D:4      | Reached XP level 7. HP: 63/63 MP: 8/10
  2851 | D:4      | Found Dyutaps's Antique Weapon Shop.
  2854 | D:4      | Bought a scorched broad axe for 144 gold pieces
  2854 | D:4      | Identified the +10 broad axe of Puinka {elec, +Rage Str+4} (You bought it in a shop on level 4 of the Dungeon)
  2987 | D:4      | Found a hide-covered altar of Uskayaw.
  3168 | D:4      | Found a radiant altar of Vehumet.
  3172 | D:4      | Found a bloodstained altar of Trog.
  3268 | D:4      | Reached skill level 9 in Fighting
  3478 | D:5      | Entered Level 5 of the Dungeon
  3659 | D:5      | Found a sparkling altar of Nemelex Xobeh.
  3665 | D:5      | Reached XP level 8. HP: 66/71 MP: 12/12
  3667 | D:5      | Reached ** piety under Okawaru
  4187 | D:6      | Noticed Blork the orc
  4191 | D:6      | Killed Blork the orc
  4614 | D:6      | Reached XP level 9. HP: 65/76 MP: 14/14
  4981 | D:7      | Reached *** piety under Okawaru
  5109 | D:7      | Found a shattered altar of Ashenzari.
  5219 | D:7      | Reached skill level 5 in Throwing
  5219 | D:7      | Reached skill level 5 in Armour
  5219 | D:7      | Reached skill level 5 in Evocations
  5221 | D:7      | Received a gift from Okawaru
  5353 | D:7      | Noticed Pikel
  5360 | D:7      | Killed Pikel
  5360 | D:7      | Reached skill level 5 in Stealth
  5632 | D:8      | Reached **** piety under Okawaru
  5632 | D:8      | Reached XP level 10. HP: 37/84 MP: 15/17
  5895 | D:8      | Noticed a two-headed ogre
  5903 | D:8      | Killed a two-headed ogre
  5903 | D:8      | Received a gift from Okawaru
  5903 | D:8      | Reached skill level 5 in Short Blades
  5903 | D:8      | Reached skill level 5 in Long Blades
  5903 | D:8      | Reached skill level 5 in Maces & Flails
  5903 | D:8      | Reached skill level 5 in Polearms
  5903 | D:8      | Reached skill level 5 in Staves
  5903 | D:8      | Reached skill level 5 in Slings
  5903 | D:8      | Reached skill level 5 in Bows
  5903 | D:8      | Reached skill level 5 in Crossbows
  5903 | D:8      | Reached skill level 5 in Dodging
  5903 | D:8      | Reached skill level 5 in Shields
  5903 | D:8      | Reached skill level 5 in Unarmed Combat
  5903 | D:8      | Reached skill level 5 in Spellcasting
  5903 | D:8      | Reached skill level 5 in Conjurations
  5903 | D:8      | Reached skill level 5 in Hexes
  5903 | D:8      | Reached skill level 5 in Charms
  5903 | D:8      | Reached skill level 5 in Summonings
  5903 | D:8      | Reached skill level 5 in Necromancy
  5903 | D:8      | Reached skill level 5 in Translocations
  5903 | D:8      | Reached skill level 5 in Transmutations
  5903 | D:8      | Reached skill level 5 in Fire Magic
  5903 | D:8      | Reached skill level 5 in Ice Magic
  5903 | D:8      | Reached skill level 5 in Air Magic
  5903 | D:8      | Reached skill level 5 in Earth Magic
  5903 | D:8      | Reached skill level 5 in Poison Magic
  5903 | D:8      | Reached skill level 5 in Invocations
  6275 | D:7      | Fell from the grace of Okawaru
  6275 | D:7      | Became a worshipper of Ashenzari the Shackled
  6734 | D:8      | Reached skill level 10 in Fighting
  7087 | D:8      | Noticed a cyclops
  7087 | D:8      | Noticed a deep elf archer
  7087 | D:8      | Noticed a merfolk impaler
  7642 | D:9      | Noticed a deep elf archer
  7642 | D:9      | Noticed a deep elf knight
  7642 | D:9      | Noticed a deep elf knight
  7651 | D:9      | Killed a deep elf knight
  7656 | D:9      | Killed a deep elf knight
  7665 | D:9      | Found a staircase to the Lair.
  7683 | D:9      | Killed a deep elf archer
  7723 | D:9      | Slain by a yak

Vault maps used:
D:1:      minmay_arrival_split_and_join
D:2:      kiku_gazebo_pond_becter, yredelemnul_altar_generic
D:3:      old_standard_altar, minmay_misc_feat_five, kennysheep_boxes,
          uniq_robin, uniq_jessica
D:4:      vehumet_altar_wand_db, lemuel_crystal_altar, lemuel_doored_altar,
          serial_shops, kennysheep_mini, first_bread, uniq_grinder
D:5:      nemelex_xobeh_ov_fountains_minmay, minmay_temple_entry_from_below_a
D:6:      cheibrodos_helix_gallery, uniq_blork_the_orc
D:7:      old_standard_altar, kennysheep_donut, kennysheep_generic_room_3,
          uniq_pikel
D:9:      lightli_temple_of_fire, fedhas_altar_4, elyvilon_altar_3,
          nicolae_overflow_hidden_temple, minmay_lair_entry_grove, serial_shops,
          nicolae_shop_statue_plus

Skill      XL: |  1  2  3  4  5  6  7  8  9 10 |
---------------+-------------------------------+-----
Short Blades   | 1 2 3 4 5 |  5.6
Long Blades    | 1 2 3 4 5 |  5.6
Maces & Flails | 1 2 3 4 5 |  5.6
Polearms       | 1 2 3 4 5 |  5.6
Staves         | 1 2 3 4 5 |  5.6
Slings         | 1 2 3 4 5 |  5.6
Bows           | 1 2 3 4 5 |  5.6
Crossbows      | 1 2 3 4 5 |  5.6
Dodging        | 1 2 3 4 5 |  5.6
Shields        | 1 2 3 4 5 |  5.6
Unarmed Combat | 1 2 3 4 5 |  5.6
Spellcasting   | 1 2 3 4 5 |  5.6
Conjurations   | 1 2 3 4 5 |  5.6
Hexes          | 1 2 3 4 5 |  5.6
Charms         | 1 2 3 4 5 |  5.6
Summonings     | 1 2 3 4 5 |  5.6
Necromancy     | 1 2 3 4 5 |  5.6
Translocations | 1 2 3 4 5 |  5.6
Transmutations | 1 2 3 4 5 |  5.6
Fire Magic     | 1 2 3 4 5 |  5.6
Ice Magic      | 1 2 3 4 5 |  5.6
Air Magic      | 1 2 3 4 5 |  5.6
Earth Magic    | 1 2 3 4 5 |  5.6
Poison Magic   | 1 2 3 4 5 |  5.6
Invocations    | 1 2 3 4 5 |  5.6
Throwing       | 3 4 5 6 |  6.2
Armour         | 3 4 5 6 |  6.2
Evocations     | 3 4 5 6 |  6.2
Stealth        | 3 4 5 6 |  6.1
Axes           | 5 6 7 |  7.3
Fighting       | 9 10 | 10.2

Action                   |  1- 3 |  4- 6 |  7- 9 | 10-12 || total
-------------------------+-------+-------+-------+-------++-------
Melee: Hand axe          |    95 |   220 |    11 |       ||   326
       Bite              |     6 |    22 |    16 |     8 ||    52
       Broad axe         |       |       |   164 |   115 ||   279
       Punch             |       |       |     2 |     2 ||     4
 Abil: Evoke Berserk Rag |       |       |       |     1 ||     1
  Use: Potion            |       |     1 |       |     3 ||     4
       Scroll            |       |       |     5 |    11 ||    16
 Stab: Distracted        |       |     1 |     1 |       ||     2
       Sleeping          |       |       |       |     1 ||     1
  Eat: Chunk             |       |     6 |    10 |     5 ||    21
       Fruit             |       |       |       |     3 ||     3
Armor: Scale mail        |    43 |   104 |    87 |    55 ||   289
Dodge: Dodged            |    49 |   100 |   108 |    74 ||   331

Table legend:
 A = Spawn XP
 B = Non-spawn XP
 C = Spawn XP percentage of total XP
 D = Spawn monster count
 E = Non-spawn monster count
 F = Spawn count percentage of total count
 G = Total turns spent on level
                    A         B        C        D         E        F      G
               +---------+---------+-------+---------+---------+-------+---------
         Total |       0 |    8652 |   0.0 |       0 |     226 |   0.0 |  7723
               +---------+---------+-------+---------+---------+-------+---------
           D:1 |       0 |      30 |   0.0 |       0 |      16 |   0.0 |   675
           D:2 |       0 |      72 |   0.0 |       0 |      22 |   0.0 |   967
           D:3 |       0 |     288 |   0.0 |       0 |      49 |   0.0 |  1077
           D:4 |       0 |     645 |   0.0 |       0 |      18 |   0.0 |   759
           D:5 |       0 |     648 |   0.0 |       0 |      22 |   0.0 |   647
           D:6 |       0 |     900 |   0.0 |       0 |      19 |   0.0 |   835
           D:7 |       0 |    1695 |   0.0 |       0 |      23 |   0.0 |  1156
           D:8 |       0 |    2629 |   0.0 |       0 |      43 |   0.0 |  1314
           D:9 |       0 |    1745 |   0.0 |       0 |      14 |   0.0 |   293
               +---------+---------+-------+---------+---------+-------+---------
